 Dungeon Crawl Stone Soup version 0.24-a0-252-g5076262 (webtiles) character file.

Game seed: 863182476198925632

96615 dududu the Slicer (level 16, 86/86 HPs)
             Began as a Vine Stalker Fighter on Mar 22, 2019.
             Was a Follower of Uskayaw.
             Got out of the dungeon alive.
             The game lasted 01:08:26 (22035 turns).

dududu the Slicer (Vine Stalker Fighter)           Turns: 22035, Time: 01:08:26

Health: 86/86      AC: 32    Str: 24    XL:     16   Next: 17%
Magic:  45/45      EV:  9    Int: 10    God:    Uskayaw [*.....]
Gold:   733        SH: 14    Dex: 16    Spells: 15/15 levels left

rFire    + . .     SeeInvis +   P - +4 rapier (vamp)
rCold    + . .     Gourm    .   I - +2 shield
rNeg     . . .     Faith    .   J - +7 plate armour of the Prince of Darkness {rPois}
rPois    +         Spirit   +   y - +5 hat of New Discoveries {rF+}
rElec    .         Reflect  .   U - +2 cloak {MR+}
rCorr    .         Harm     .   j - +0 pair of gloves of Tenacity {Int+2 SInv}
MR       +++..                  T - +1 pair of boots of the Present {rC+ Stlth+}
Stlth    +.........             V - amulet of magic regeneration
HPRegen  1.04/turn              H - ring of magical power
MPRegen  0.54/turn              l - ring of magical power

@: no status effects
A: fangs 3, regeneration 2, magic shield, antimagic bite, no potion heal 3, rot
immunity
a: Stomp, Renounce Religion


You escaped.
You worshipped Uskayaw.
Uskayaw was pleased with you.
You were not hungry.

You visited 4 branches of the dungeon, and saw 24 of its levels.
You also visited: Gauntlet.

You collected 2767 gold pieces.
You spent 2034 gold pieces at shops.

Inventory:

Hand Weapons
 a - a +5 quick blade
 b - a +3 rapier of venom
 P - a +4 vampiric rapier (weapon)
Missiles
 f - 583 stones (quivered)
Armour
 j - the +0 pair of gloves of Tenacity (worn) {Int+2 SInv}
   (You found it in a Gauntlet)

   It affects your intelligence (+2).
   It lets you see invisible.
 m - a scarf of cloud immunity
 y - the +5 hat of New Discoveries (worn) {rF+}
   (You found it in a Gauntlet)

   It protects you from fire.
 I - a +2 shield (worn)
 J - the +7 plate armour of the Prince of Darkness (worn) {rPois}
   (You found it on level 5 of the Dungeon)

   It protects you from poison.
 T - the +1 pair of boots of the Present (worn) {rC+ Stlth+}
   (You found it on level 10 of the Dungeon)

   It protects you from cold.
   It makes you more stealthy.
 U - a +2 cloak of magic resistance (worn)
Jewellery
 i - an uncursed ring of see invisible
 k - an uncursed ring of resist corrosion
 l - a ring of magical power (right hand)
 p - a +3 ring of protection
 H - a ring of magical power (left hand)
 V - an amulet of magic regeneration (around neck)
Wands
 c - a wand of acid (6)
 u - a wand of clouds (5)
 v - a wand of digging (7)
 x - a wand of paralysis (15)
 A - a wand of enslavement (18)
 O - a wand of disintegration (49)
 Q - a wand of iceblast (6)
 X - a wand of flame (27)
Scrolls
 g - 4 scrolls of fear
 o - 2 scrolls of fog
 r - 4 scrolls of identify
 t - 7 scrolls of teleportation
 w - 9 scrolls of remove curse
 z - 3 scrolls of blinking
 D - 2 scrolls of enchant armour
 E - 2 scrolls of enchant weapon
 F - 4 scrolls of magic mapping
 K - 2 scrolls of immolation
 R - a scroll of holy word
 S - a scroll of summoning
Potions
 d - 2 potions of might
 h - 3 potions of haste
 n - 4 potions of mutation
 q - 17 potions of curing
 s - 3 potions of agility
 B - 4 potions of flight
 C - 2 potions of cancellation
 G - 5 potions of brilliance
 L - a potion of magic
 N - 3 potions of invisibility
 W - 4 potions of lignification
Miscellaneous
 M - a phial of floods
Comestibles
 e - 40 rations


   Skills:
 + Level 10.4 Fighting
 - Level 14.0 Short Blades
 + Level 7.8 Armour
 + Level 5.2 Dodging
 - Level 10.0 Stealth
 * Level 10.1 Shields
 + Level 13.5 Invocations


You had 15 spell levels left.
You didn't know any spells.
Your spell library contained the following spells:

 Spells                   Type           Power        Failure   Level  Hunger
 Confusing Touch          Hex            #.....       100%        1    ##.....
 Corona                   Hex            #......      100%        1    ##.....
 Flame Tongue             Conj/Fire      #....        100%        1    ##.....
 Magic Dart               Conj           #...         100%        1    ##.....
 Blink                    Tloc           N/A          100%        2    ###....
 Corpse Rot               Necr           N/A          100%        2    ###....
 Ensorcelled Hibernation  Hex/Ice        #.....       100%        2    ###....
 Poisonous Vapours        Pois/Air       #.....       100%        2    ###....
 Searing Ray              Conj           #.....       100%        2    ###....
 Shroud of Golubria       Chrm/Tloc      #.........   100%        2    ###....
 Sublimation of Blood     Necr           #.........   100%        2    ###....
 Throw Flame              Conj/Fire      #.....       100%        2    ###....
 Confuse                  Hex            #.......     100%        3    ####...
 Conjure Flame            Conj/Fire      #.......     100%        3    ####...
 Dazzling Spray           Conj/Hex       #.....       100%        3    ####...
 Gell's Gravitas          Tloc           #.........   100%        3    ####...
 Inner Flame              Hex/Fire       #.......     100%        3    ####...
 Lesser Beckoning         Tloc           #.........   100%        3    ####...
 Mephitic Cloud           Conj/Pois/Air  #.......     100%        3    ####...
 Recall                   Summ/Tloc      N/A          100%        3    ####...
 Teleport Other           Tloc           #.......     100%        3    ####...
 Tukima's Dance           Hex            #.......     100%        3    ####...
 Animate Dead             Necr           N/A          100%        4    #####..
 Force Lance              Conj/Tloc      #.......     100%        4    #####..
 Fulminant Prism          Conj/Hex       #.........   100%        4    #####..
 Ice Form                 Ice/Tmut       #.......     100%        4    #####..
 Iskenderun's Mystic Bla  Conj           #.......     100%        4    #####..
 Passage of Golubria      Tloc           N/A          100%        4    #####..
 Petrify                  Tmut/Erth      #.......     100%        4    #####..
 Sticky Flame             Conj/Fire      #.......     100%        4    #####..
 Agony                    Necr           #.......     100%        5    ######.
 Alistair's Intoxication  Tmut/Pois      #.......     100%        5    ######.
 Bolt of Draining         Conj/Necr      #.........   100%        5    ######.
 Borgnjor's Vile Clutch   Necr/Erth      #.........   100%        5    ######.
 Dispel Undead            Necr           #.......     100%        5    ######.
 Excruciating Wounds      Chrm/Necr      #.........   100%        5    ######.
 Fireball                 Conj/Fire      #.........   100%        5    ######.
 Metabolic Englaciation   Hex/Ice        #.........   100%        5    ######.
 Yara's Violent Unravell  Hex/Tmut       #.........   100%        5    ######.
 Death Channel            Necr           #.........   100%        6    #######
 Freezing Cloud           Conj/Ice/Air   #.........   100%        6    #######
 Hydra Form               Tmut           #.........   100%        6    #######
 Simulacrum               Ice/Necr       #.........   100%        6    #######
 Ring of Flames           Chrm/Fire      #.........   100%        7    #######


Dungeon Overview and Level Annotations

Branches:
Dungeon (15/15)            Temple (1/1) D:5            Lair (6/6) D:10
 Shoals (0/4) Lair:4       Spider (0/4) Lair:4        Slime (0/5) Lair:6
    Orc (2/2) D:11            Elf (0/3) Orc:2        Vaults (0/5) D:14
 Depths (0/5) D:15

Altars:
Ashenzari
Dithmenos
Elyvilon
Fedhas
Hepliaklqana
Kikubaaqudgha
Makhleb
Qazlal
Trog
Uskayaw
Vehumet
Xom
Yredelemnul
Zin
The Shining One
Beogh

Shops:
D:5 [   D:6 [   D:14 ?   Orc:1 (   Orc:2 :}(?*

Portals:
Hell: Lair:6

Annotations:
D:5 1 runed translucent door, Lanoc's ghost, novice TrBe
D:8 3 runed translucent doors
Lair:5 exclusion: oklob plant


Innate Abilities, Weirdness & Mutations

You have razor-sharp teeth.
You heal very quickly.
When hurt, damage is shared between your health and your magic reserves.
Your bite disrupts and absorbs the magic of your enemies.
Potions cannot restore your health.
You are immune to rotting.


Message History

Level annotation: 1 runed translucent door, Lanoc's ghost, novice TrBe
There is a stone staircase leading down here.
There is a stone staircase leading up here.
You climb upwards.
There is a stone staircase leading down here.
There is a stone staircase leading up here.
You see here a +0 rapier.
You climb upwards.
There is a stone staircase leading down here.
There is a stone staircase leading up here.
You climb upwards.
There is a stone staircase leading down here.
There is a stone staircase leading up here.
You climb upwards.
There is a stone staircase leading down here.
There is an open door here.
There is an open door here.
There is a staircase leading out of the dungeon here.
Are you sure you want to leave the Dungeon?
This will make you lose the game!
You have escaped!

####.###.........############.###
.................................
..##........................#.###
#.##........................#.#
#.##....########'########...#.#
#.##....####.........####...#.#
#.).....##...#.)...#...##...#.#
#####...#..#...#'#...#..#...#.#
#...'.....##@##.....'...#.### #
#...'.....##>##.....'...#...# #
#...#..#...#+#...#..#...###.# #
#...##...#.....#...##...# #.# #
#...####.........####...# #.# #
#...########'########...###'#
#####.......................#...รท
............................#....
..##................####....#....


There were no monsters in sight!

Vanquished Creatures
  Rupert (D:15)
  A sphinx (D:12)
  A storm dragon (D:12)
  Nessos (D:14)
  A minotaur (Gauntlet)
  Josephine (D:11)
  A yaktaur captain (D:12)
  2 ice dragons (D:15)
  A great orb of eyes (D:14)
  2 centaur warriors
  5 hydras
  2 ogre magi (Orc:2)
  A death yak (Lair:5)
  Erica (D:8)
  4 two-headed ogres
  Urug (Lair:3)
  A deep troll earth mage (D:12)
  An orc high priest (Orc:2)
  A sixfirhy (Lair:6)
  A death drake (Gauntlet)
  2 wizards
  4 unseen horrors
  An orc knight (D:14)
  11 orc sorcerers
  7 ugly things
  10 elephants
  5 manticores
  A cyclops (Orc:1)
  Maurice (D:11)
  3 black mambas
  A smoke demon (Lair:6)
  Joseph (Lair:1)
  Psyche (D:8)
  2 torpor snails
  3 orange demons (Lair:6)
  2 centaur skeletons (D:15)
  A gargoyle (D:13)
  21 spiny frogs
  10 rime drakes
  A freezing wraith (D:15)
  A rime drake (shapeshifter) (D:13)
  11 komodo dragons
  A yaktaur (D:12)
  A red devil (Lair:6)
  An ice devil (Lair:6)
  2 polar bears
  7 trolls
  2 hornets
  6 slime creatures (D:8)
  10 blink frogs
  7 dream sheep (Lair:4)
  A raiju (Gauntlet)
  A meliai zombie (D:13)
  7 hippogriffs
  3 shadows
  5 wyverns
  Sigmund (D:6)
  5 wraiths (D:11)
  16 humans (D:14)
  74 yaks
  A basilisk (Lair:6)
  2 steam dragons
  Grum (D:8)
  3 hungry ghosts
  3 wargs
  4 vampire mosquitoes (D:15)
  4 hell hounds (Lair:6)
  10 porcupines
  11 water moccasins
  21 orc warriors
  A black bear (D:12)
  2 sky beasts
  An eye of draining (D:14)
  A phantom (D:11)
  8 ice beasts
  7 ogres
  2 necrophages
  8 wolves
  3 centaurs
  10 crocodiles
  2 big kobolds (D:14)
  24 bullfrogs
  A spectral wyvern (Gauntlet)
  9 scorpions
  19 wights
  15 killer bees
  An electric eel (D:12)
  6 crimson imps
  4 centaur zombies
  9 hounds
  A quasit (D:13)
  31 orc wizards
  Crazy Yiuf (D:4)
  2 bullfrog skeletons
  16 orc priests
  2 gnoll shamans
  7 jellies
  3 iguanas
  13 worker ants
  A lightning spire (Gauntlet)
  A killer bee zombie (D:7)
  2 hound zombies
  15 gnolls
  11 adders
  5 shadow imps
  An adder zombie (D:2)
  2 oozes (Lair:6)
  2 adder skeletons
  3 worms
  2 dart slugs (D:1)
  11 leopard geckos
  98 orcs
  A ball python (D:5)
  3 bats
  9 giant cockroaches
  7 goblins
  8 hobgoblins
  3 jackals (D:8)
  4 quokkas
  7 frilled lizards
  9 kobolds
  2 leopard gecko skeletons
  A quokka zombie (D:4)
  8 rats
  A fungus (Lair:6)
766 creatures vanquished.

Vanquished Creatures (others)
  2 killer bees (D:10)
  An orc wizard (Orc:2)
  An orc (Orc:1)
  14 demonic plants (Gauntlet)
  9 fungi
  11 plants
  A withered plant (Gauntlet)
39 creatures vanquished.

Grand Total: 805 creatures vanquished

Notes
Turn   | Place    | Note
-------+----------+-------------------------------------------
     0 | D:1      | dududu the Vine Stalker Fighter began the quest for the
                  | Orb.
     0 | D:1      | Reached XP level 1. HP: 11/11 MP: 2/2
    54 | D:1      | Reached skill level 2 in Short Blades
    73 | D:1      | Reached XP level 2. HP: 16/16 MP: 3/3
   871 | D:1      | Reached XP level 3. HP: 19/19 MP: 4/4
  1394 | D:2      | Gained mutation: Your natural rate of healing is unusually
                  | fast. [Vine Stalker growth]
  1394 | D:2      | Reached XP level 4. HP: 16/23 MP: 5/5
  1566 | D:2      | Reached skill level 3 in Short Blades
  1722 | D:2      | Noticed a bullfrog
  1739 | D:2      | Killed a bullfrog
  1739 | D:2      | Reached XP level 5. HP: 25/27 MP: 6/6
  2385 | D:3      | Noticed a moth of wrath
  2388 | D:3      | Found a bloodstained altar of Trog.
  2743 | D:4      | Found a runed translucent door.
  2744 | D:4      | Noticed Crazy Yiuf
  2751 | D:4      | Killed Crazy Yiuf
  2751 | D:4      | Reached skill level 4 in Short Blades
  2779 | D:4      | Reached XP level 6. HP: 26/32 MP: 7/7
  2999 | D:4      | Reached skill level 5 in Short Blades
  3094 | D:4      | Reached XP level 7. HP: 35/35 MP: 8/8
  3724 | D:5      | Entered Level 5 of the Dungeon
  3728 | D:5      | Found a blossoming altar of Fedhas.
  3768 | D:5      | Reached skill level 6 in Short Blades
  3828 | D:5      | Found Weenised's Armour Shop.
  3886 | D:5      | Bought a +0 helmet of intelligence for 161 gold pieces
  3980 | D:5      | Gained mutation: You have razor-sharp teeth. [Vine Stalker
                  | growth]
  3980 | D:5      | Reached XP level 8. HP: 38/39 MP: 9/9
  3986 | D:5      | Found an ancient bone altar of Kikubaaqudgha.
  4012 | D:5      | Found a staircase to the Ecumenical Temple.
  4041 | Temple   | Entered the Ecumenical Temple
  4107 | Temple   | Became a worshipper of Uskayaw the Reveler
  4223 | D:5      | Found a runed translucent door.
  4225 | D:5      | Noticed Lanoc's ghost (novice TrBe)
  4277 | D:5      | Reached * piety under Uskayaw
  4351 | D:5      | Got a spiked plate armour
  4352 | D:5      | Identified the +7 plate armour of the Prince of Darkness
                  | {rPois} (You found it on level 5 of the Dungeon)
  4379 | D:5      | Reached ** piety under Uskayaw
  4380 | D:5      | Reached skill level 7 in Short Blades
  4380 | D:5      | Reached skill level 1 in Invocations
  4575 | D:6      | Reached skill level 5 in Armour
  4617 | D:6      | Reached *** piety under Uskayaw
  4621 | D:6      | Reached **** piety under Uskayaw
  4626 | D:6      | Reached ***** piety under Uskayaw
  4632 | D:6      | Noticed a troll
  4633 | D:6      | Reached ****** piety under Uskayaw
  4641 | D:6      | Killed a troll
  4641 | D:6      | Reached XP level 9. HP: 27/43 MP: 12/12
  4646 | D:6      | Noticed Sigmund
  4657 | D:6      | Killed Sigmund
  4657 | D:6      | Reached skill level 8 in Short Blades
  4859 | D:6      | Found Mesiojuy's Antique Armour Shop.
  4863 | D:6      | Bought an embroidered cloak for 202 gold pieces
  5340 | D:7      | Reached skill level 5 in Invocations
  6093 | D:8      | Reached skill level 9 in Short Blades
  6108 | D:8      | Noticed Grum
  6122 | D:8      | Killed Grum
  6122 | D:8      | Reached XP level 10. HP: 43/47 MP: 15/15
  6274 | D:8      | Noticed Erica
  6288 | D:8      | Killed Erica
  6503 | D:8      | Noticed a two-headed ogre
  6513 | D:8      | Killed a two-headed ogre
  6513 | D:8      | Reached skill level 10 in Short Blades
  6530 | D:8      | Noticed Psyche
  6536 | D:8      | Killed Psyche
  6545 | D:8      | Found a runed translucent gate.
  6545 | D:8      | Found a runed translucent gate.
  6547 | D:8      | Noticed a green ugly thing
  6582 | D:8      | Found a runed translucent gate.
  6582 | D:8      | Noticed a brown ugly thing
  6582 | D:8      | Noticed a cyan ugly thing
  6583 | D:8      | Noticed a cyan ugly thing
  6583 | D:8      | Noticed a red very ugly thing
  6822 | D:8      | Reached XP level 11. HP: 37/52 MP: 18/18
  6854 | D:8      | Found a shattered altar of Ashenzari.
  7619 | D:10     | Entered Level 10 of the Dungeon
  7619 | D:10     | Found a stormy altar of Qazlal.
  7816 | D:10     | Reached skill level 11 in Short Blades
  7886 | D:10     | Found a staircase to the Lair.
  7926 | D:10     | Got a pair of faintly humming boots
  7927 | D:10     | Identified the +1 pair of boots of the Present {rC+ Stlth+}
                  | (You found it on level 10 of the Dungeon)
  8444 | D:10     | Noticed a two-headed ogre
  8453 | D:10     | Killed a two-headed ogre
  9006 | D:11     | Reached skill level 1 in Stealth
  9006 | D:11     | Reached skill level 10 in Invocations
  9028 | D:11     | Reached skill level 5 in Fighting
  9037 | D:11     | Noticed Maurice
  9054 | D:11     | Killed Maurice
  9252 | D:11     | Found a staircase to the Orcish Mines.
  9307 | D:11     | Noticed a red ugly thing
  9321 | D:11     | Killed a red ugly thing
  9321 | D:11     | Gained mutation: You heal very quickly. [Vine Stalker
                  | growth]
  9321 | D:11     | Reached XP level 12. HP: 29/60 MP: 20/20
  9606 | D:11     | Noticed a six-headed hydra
  9724 | D:11     | Noticed Josephine
  9747 | D:11     | Killed Josephine
 10027 | D:12     | You fall through a shaft for 3 floors!
 10027 | D:15     | Entered Level 15 of the Dungeon
 10091 | D:15     | Reached skill level 5 in Shields
 10117 | D:15     | Found a hide-covered altar of Uskayaw.
 10154 | D:15     | Noticed Rupert
 10177 | D:15     | Killed Rupert
 10177 | D:15     | Reached skill level 5 in Stealth
 10273 | D:15     | Reached skill level 12 in Short Blades
 10285 | D:15     | Reached XP level 13. HP: 58/66 MP: 22/22
 10682 | D:14     | Noticed Nessos
 10683 | D:14     | Found a gate to the Vaults.
 10690 | D:14     | Killed Nessos
 10948 | D:12     | Identified Sif Muna's Disquisition on Moulding
 11061 | D:12     | Upgraded the game from 0.24-a0-201-gf205589 to
                  | 0.24-a0-217-g1152973
 11438 | D:12     | Noticed a storm dragon
 11440 | D:12     | Noticed a yaktaur captain
 11489 | Lair:1   | Entered Level 1 of the Lair of Beasts
 11960 | Lair:1   | Noticed Joseph
 11976 | Lair:1   | Killed Joseph
 11976 | Lair:1   | Reached XP level 14. HP: 73/73 MP: 23/23
 13335 | Lair:3   | Found a gate leading to a gauntlet.
 13341 | Gauntlet | Entered a Gauntlet
 13341 | Gauntlet | Found a transporter.
 13348 | Gauntlet | Found a runed translucent door.
 13349 | Gauntlet | Noticed a reaper
 13350 | Gauntlet | Found a transporter.
 13353 | Gauntlet | Found a transporter.
 13354 | Gauntlet | Found the +1 cloak of Starlight {rElec rC+ EV+4 Stlth--}
 13356 | Gauntlet | Found a transporter.
 13357 | Gauntlet | Found a transporter.
 13358 | Gauntlet | Found a transporter.
 13362 | Gauntlet | Found a runed translucent door.
 13364 | Gauntlet | Found a runed translucent door.
 13366 | Gauntlet | Found a transporter.
 13374 | Gauntlet | Found a transporter.
 13399 | Gauntlet | Found a runed translucent door.
 13436 | Gauntlet | Found a transporter.
 13448 | Gauntlet | Found a transporter.
 13452 | Gauntlet | Found a transporter.
 13466 | Gauntlet | Found a transporter.
 13560 | Gauntlet | Got a pair of ancient gloves
 13561 | Gauntlet | Identified the cursed +0 pair of gloves of Tenacity {Int+2
                  | SInv} (You found it in a Gauntlet)
 13631 | Gauntlet | Got an ancient hat
 13709 | Gauntlet | Identified the +5 hat of New Discoveries {rF+} (You found
                  | it in a Gauntlet)
 13867 | Lair:3   | Reached skill level 13 in Short Blades
 13968 | Lair:3   | Reached skill level 10 in Stealth
 13979 | Lair:3   | Noticed Urug
 13989 | Lair:3   | Killed Urug
 14389 | Lair:4   | Found a staircase to the Shoals.
 14405 | Lair:4   | Reached skill level 1 in Dodging
 14585 | Lair:4   | You fall through a shaft for 2 floors!
 14585 | Lair:6   | Entered Level 6 of the Lair of Beasts
 14858 | Lair:6   | Found a staircase to the Slime Pits.
 15304 | Lair:5   | Reached XP level 15. HP: 72/79 MP: 25/25
 15376 | Lair:5   | Found an ancient bone altar of Kikubaaqudgha.
 15783 | Lair:5   | Got a bloodstained dagger
 15842 | Lair:4   | Identified a scroll of acquirement
 15851 | Lair:4   | Identified the cursed +1 dagger "Diquj" {freeze, rPois rN++
                  | MR- MP+9} (You found it on level 5 of the Lair of Beasts)
 15878 | Lair:4   | Found a hole to the Spider Nest.
 17445 | Lair:6   | Reached skill level 14 in Short Blades
 17492 | Lair:6   | Found a burning altar of Makhleb.
 17539 | Lair:6   | Found a gateway to Hell.
 18619 | D:14     | Found Quilun's Magic Scroll Emporium.
 18628 | D:14     | Bought a scroll of fear for 49 gold pieces
 18628 | D:14     | Bought a scroll of fear for 49 gold pieces
 18628 | D:14     | Bought a scroll of blinking for 105 gold pieces
 18628 | D:14     | Bought a scroll of identify for 28 gold pieces
 18628 | D:14     | Bought a scroll of identify for 28 gold pieces
 18628 | D:14     | Bought a scroll of enchant armour for 105 gold pieces
 18628 | D:14     | Bought a scroll of immolation for 49 gold pieces
 19357 | D:15     | Reached skill level 10 in Fighting
 19370 | D:15     | Found a staircase to the Depths.
 19663 | Orc:1    | Entered Level 1 of the Orcish Mines
 20073 | Orc:2    | Entered Level 2 of the Orcish Mines
 20231 | Orc:2    | Found Dahel's General Store.
 20321 | Orc:1    | Found Wapnuut's Weapon Shop.
 20571 | Orc:2    | Found a staircase to the Elven Halls.
 20785 | Orc:2    | Found Esyxyi's Antique Weapon Shoppe.
 20840 | Orc:2    | Found an ancient bone altar of Kikubaaqudgha.
 20859 | Orc:2    | Found Vixueng's Book Shoppe.
 20883 | Orc:2    | Reached XP level 16. HP: 85/85 MP: 27/27
 20884 | Orc:2    | Found a radiant altar of Vehumet.
 20922 | Orc:2    | Found a roughly hewn altar of Beogh.
 20922 | Orc:2    | Found Alokocij's Magic Scroll Emporium.
 20937 | Orc:2    | Found Keowebumo's Gadget Emporium.
 21352 | Orc:2    | Bought a scroll of acquirement for 780 gold pieces
 21352 | Orc:2    | Bought a scroll of enchant weapon for 112 gold pieces
 21352 | Orc:2    | Bought a scroll of enchant armour for 112 gold pieces
 21437 | Orc:2    | Bought a scroll of summoning for 142 gold pieces
 21437 | Orc:2    | Bought a scroll of blinking for 112 gold pieces
 21689 | D:12     | Killed a storm dragon
 21689 | D:12     | Reached skill level 5 in Dodging
 21701 | D:12     | Noticed a sphinx
 21710 | D:12     | Killed a sphinx
 21710 | D:12     | Reached skill level 10 in Shields
 21780 | D:12     | Upgraded the game from 0.24-a0-217-g1152973 to
                  | 0.24-a0-252-g5076262
 22035 | D:$      | Got out of the dungeon alive.

Levels and vault maps discovered:
D:1:      dpeg_arrival_refuge, layout_basic
D:2:      layout_basic, serial_curves, eino_curves_02, eino_curves_02,
          dk_noncrumbling_4, glass_columns_a, minmay_divided_ellipse
D:3:      layout_rooms, tgw_trog
D:4:      layout_loops_ring, first_ration, uniq_crazy_yiuf_cottage
D:5:      layout_cave_pools, kiku_gazebo_pond_becter, fedhas_ov_isle_minmay,
          minmay_temple_entry_proselytizer, ebering_ghost_reflecting_pool,
          serial_shops, shop_coins
D:6:      layout_basic, serial_shops, shop, st_stairs_14, roderic_roman_lattice,
          uniq_sigmund
D:7:      layout_loops_corners
D:8:      layout_loops_ring, marbit_many_paths,
          ploomutoo_gammafunk_ghost_potion_laboratory, uniq_psyche, uniq_grum,
          uniq_erica
D:9:      layout_roguey
D:10:     layout_basic, lair_entry_dummy, basic_altar
D:11:     layout_small_grid, orc_0_dummy, uniq_maurice, uniq_josephine
D:12:     cross_vault, layout_irregular_city
D:13:     layout_long_grid, small_chamber_with_monster
D:14:     layout_big_octagon, david_vaults_3, serial_co_window_serial,
          co_window_paths_a, co_window_paths_b, co_window_paths_a,
          co_window_paths_a, co_window_corner_a, co_window_of_opportunity_a,
          co_window_corner_a, co_window_unsneaky_path_b, co_window_cross_3,
          co_window_corner_cb, glass_columns_a, glass_columns_a,
          glass_columns_b, glass_columns_a, glass_columns_a, serial_shops,
          shop_statue, grunt_ogre_cave, minmay_unpleasant_kobolds, uniq_nessos
D:15:     grunt_enter_depths_hoard, layout_loops_ring, basic_altar, uniq_rupert
Temple:   dpeg_five_rooms_temple
Lair:1:   layout_hall_layers, grunt_megastairs_1, serial_bayou_shore_a,
          serial_bayou_shore_b, lemuel_fruit_tree, uniq_joseph
Lair:2:   layout_concentric_octagons, grunt_megastairs_3
Lair:3:   layout_loops_ring, gauntlet_entry_generic, uniq_urug
Lair:4:   layout_layer_cave, minmay_shoals_entry_beasts,
          nicolae_spider_entry_non_spiders, beast_lair_carwin_8
Lair:5:   layout_gridlike, minivault_23, lemuel_oklob_altar,
          serial_bayou_shore_b, grunt_megastairs_2
Lair:6:   evil_forest, layout_regular_city, nicolae_slime_entry_slimehenge,
          minmay_stone_trees_medium, minmay_lair_drake_nest
Orc:1:    layout_caves, serial_shops, shop
Orc:2:    kennysheep_orc_mage_school, layout_caves, serial_shops,
          nicolae_shop_stone
Gauntlet: minmay_gauntlet_mixed_oops_all_seconds
          [minmay_gauntlet_arena_77_museum, nicolae_gauntlet_swirl,
          minmay_gauntlet_arena_77_shame_cube,
          gammafunk_gauntlet_arena_arrow_garden,
          minmay_gauntlet_arena_77_cramped, nicolae_gauntlet_arena_t_cross,
          gauntlet_exit_spiral]

Skill      XL: |  1  2  3  4  5  6  7  8  9 10 11 12 13 14 15 16 |
---------------+-------------------------------------------------+-----
Short Blades   | 2 3 4 5 6 7 9 10 11 12 13 14 | 14.0
Shields        | 3 4 5 7 8 9 10 | 10.1
Armour         | 3 4 5 6 7 |  7.8
Invocations    | 3 6 8 10 11 12 13 | 13.5
Fighting       | 3 5 6 8 9 10 | 10.4
Stealth        | 2 6 9 10 | 10.0
Dodging        | 2 4 5 |  5.2

Action                   |  1- 3 |  4- 6 |  7- 9 | 10-12 | 13-15 | 16-18 || total
-------------------------+-------+-------+-------+-------+-------+-------++-------
Melee: Rapier            |    99 |   135 |   328 |   669 |  1678 |    39 ||  2948
       Bite              |    27 |    38 |   109 |   263 |   670 |    23 ||  1130
       Quick blade       |       |       |       |       |     4 |       ||     4
Throw: Stone             |     5 |     2 |     2 |     1 |       |       ||    10
Invok: Grand Finale      |       |       |       |       |     1 |     1 ||     2
Evoke: Wand              |       |       |       |     8 |     8 |     3 ||    19
  Use: Scroll            |       |     6 |     4 |     5 |    20 |     1 ||    36
       Potion            |       |       |       |       |     1 |     4 ||     5
 Stab: Paralysed         |       |       |     6 |    43 |   104 |     2 ||   155
       Invisible         |       |       |       |       |     2 |     2 ||     4
       Sleeping          |       |       |       |       |     1 |       ||     1
  Eat: Chunk             |     1 |     6 |    10 |    13 |    34 |     2 ||    66
       Ration            |       |       |       |     1 |     1 |     2 ||     4
Armor: Scale mail        |    32 |    14 |       |       |       |       ||    46
       Ring mail         |       |    22 |     5 |       |       |       ||    27
       Plate armour      |       |       |   175 |   319 |   629 |     4 ||  1127
Dodge: Dodged            |    24 |    44 |    90 |   107 |   207 |     3 ||   475
Block: Shield            |    37 |    24 |       |   136 |   752 |     9 ||   958

Table legend:
 A = Non-vault XP
 B = Vault XP
 C = Vault XP percentage of total XP
 D = Non-vault monster count
 E = Vault monster count
 F = Vault count percentage of total count
                 A         B        C        D         E       F
            +---------+---------+-------+---------+---------+-------
      Total |   85616 |   52406 |  38.0 |     588 |     177 |  23.1
            +---------+---------+-------+---------+---------+-------
        D:1 |      37 |       0 |   0.0 |      19 |       0 |   0.0
        D:2 |      61 |     116 |  65.5 |      10 |      13 |  56.5
        D:3 |      16 |       9 |  36.0 |       9 |       5 |  35.7
        D:4 |     649 |      41 |   5.9 |      37 |       1 |   2.6
        D:5 |     573 |      41 |   6.7 |      15 |       1 |   6.2
        D:6 |    1249 |     223 |  15.1 |      29 |       2 |   6.5
        D:7 |     976 |       0 |   0.0 |      16 |       0 |   0.0
        D:8 |    3734 |    2072 |  35.7 |      37 |       7 |  15.9
        D:9 |    2747 |       0 |   0.0 |      24 |       0 |   0.0
       D:10 |    3626 |       0 |   0.0 |      33 |       0 |   0.0
       D:11 |    4422 |    2393 |  35.1 |      29 |       6 |  17.1
       D:12 |    3180 |    6994 |  68.7 |      42 |       6 |  12.5
       D:13 |    4799 |     199 |   4.0 |      20 |       1 |   4.8
       D:14 |    3276 |    6969 |  68.0 |      13 |      27 |  67.5
       D:15 |   10414 |    5086 |  32.8 |      36 |       3 |   7.7
     Lair:1 |    5844 |    1951 |  25.0 |      26 |       9 |  25.7
     Lair:2 |    5544 |     103 |   1.8 |      22 |       1 |   4.3
     Lair:3 |    5434 |     859 |  13.7 |      27 |       1 |   3.6
     Lair:4 |    9466 |    3912 |  29.2 |      41 |      17 |  29.3
     Lair:5 |    5738 |     247 |   4.1 |      13 |       2 |  13.3
     Lair:6 |    7043 |   11132 |  61.2 |      19 |      36 |  65.5
      Orc:1 |    2871 |       0 |   0.0 |      40 |       0 |   0.0
      Orc:2 |    3917 |    7218 |  64.8 |      31 |      33 |  51.6
   Gauntlet |       0 |    2841 | 100.0 |       0 |       6 | 100.0
            +---------+---------+-------+---------+---------+-------
